 Dungeon Crawl Stone Soup version 0.19-a0-683-g5f2401d (webtiles) character file.

3546 Skanax the Artisan of Death (level 9, -5/73 HPs)
             Began as a Deep Dwarf Necromancer on June 15, 2016.
             Was a Priest of Kikubaaqudgha.
             Slain by a six-headed hydra (9 damage)
             ... on level 1 of the Lair of Beasts on June 17, 2016.
             The game lasted 00:50:54 (8954 turns).

Skanax the Artisan of Death (DDNe)                  Turns: 8954, Time: 00:50:54

Health: -5/73      AC:  7    Str: 13    XL:     9   Next: 83%
Magic:  0/20       EV: 16    Int: 18    God:    Kikubaaqudgha [***...]
Gold:   364        SH:  0    Dex: 18    Spells: 7 memorised, 3 levels left

rFire  . . .     SeeInvis .     i - +3 hand axe (elec)
rCold  . . .     Gourm    .     a - +0 robe
rNeg   . . .     Faith    .     (no shield)
rPois  .         Spirit   .     s - +0 helmet
rElec  .         Dismiss  .     m - +0 cloak
rCorr  .         Reflect  .     l - +1 pair of gloves
SustAt +         Harm     .     x - +0 pair of boots
MR     +....                    (no amulet)
Stlth  +++.......               z - +5 ring of dexterity
                                u - ring of sustain attributes

@: non-regenerating, somewhat resistant to hostile enchantments, fairly stealthy
A: damage resistance, recharge devices, sense surroundings 2, slow regeneration
3
a: Device Recharging, Receive Corpses, Renounce Religion


You were on level 1 of the Lair of Beasts.
You worshipped Kikubaaqudgha.
Kikubaaqudgha was most pleased with you.
You were not hungry.

You visited 2 branches of the dungeon, and saw 9 of its levels.

You collected 364 gold pieces.

Inventory:

Hand Weapons
 d - a +0 dagger of speed
 i - a +3 hand axe of electrocution (weapon)
Armour
 a - a +0 robe (worn)
 l - a +1 pair of gloves (worn)
 m - a +0 cloak (worn)
 s - a +0 helmet (worn)
 v - a +0 cloak
 x - a +0 pair of boots (worn)
Jewellery
 u - a ring of sustain attributes (left hand)
 z - a +5 ring of dexterity (right hand)
Wands
 c - a wand of heal wounds (0/9)
Scrolls
 g - 7 scrolls of identify
 p - 4 scrolls of teleportation
 q - 2 scrolls of recharging
 C - a scroll of remove curse
 E - a scroll of blinking
Potions
 k - 2 potions of agility
 o - a potion of brilliance
 w - 2 potions of degeneration
 B - a potion of lignification
Books
 b - a book of Necromancy

   Spells                             Type                      Level
   a - Pain                           Necromancy                   1
   b - Animate Skeleton               Necromancy                   1
   c - Vampiric Draining              Necromancy                   3
   d - Regeneration                   Charms/Necromancy            3
   e - Animate Dead                   Necromancy                   4
   f - Control Undead                 Necromancy                   4
 e - a book of Fire

   Spells                             Type                      Level
   a - Ignite Poison                  Fire/Transmutation/Poison    3
   b - Fireball                       Conjuration/Fire             5
   c - Bolt of Fire                   Conjuration/Fire             6
   d - Delayed Fireball               Conjuration/Fire             7
   e - Ring of Flames                 Charms/Fire                  7
 n - Kikubaaqudgha's Papyrus of Sinister Rituals
   (Kikubaaqudgha gifted it to you on level 8 of the Dungeon)

   Spells                             Type                      Level
   a - Animate Dead                   Necromancy                   4
   b - Agony                          Necromancy                   5
   c - Dispel Undead                  Necromancy                   5
   d - Simulacrum                     Ice/Necromancy               6
   e - Death Channel                  Necromancy                   6
 t - Kikubaaqudgha's Tome of Necromancy
   (Kikubaaqudgha gifted it to you on level 3 of the Dungeon)

   Spells                             Type                      Level
   a - Pain                           Necromancy                   1
   b - Corpse Rot                     Necromancy                   2
   c - Sublimation of Blood           Necromancy                   2
   d - Vampiric Draining              Necromancy                   3
   e - Control Undead                 Necromancy                   4
 y - a book of the Tempests

   Spells                             Type                      Level
   a - Static Discharge               Conjuration/Air              3
   b - Lightning Bolt                 Conjuration/Air              5
   c - Fireball                       Conjuration/Fire             5
   d - Tornado                        Air                          9
   e - Shatter                        Earth                        9
 D - a book of the Dragon

   Spells                             Type                      Level
   a - Flame Tongue                   Conjuration/Fire             1
   b - Cause Fear                     Hexes                        4
   c - Bolt of Fire                   Conjuration/Fire             6
   d - Dragon Form                    Transmutation                7
   e - Dragon's Call                  Summoning                    9
Comestibles
 f - 3 bread rations
 h - 3 beef jerkies
 j - 2 slices of pizza
 r - 3 meat rations
 A - 3 chunks of flesh


   Skills:
 + Level 2.0 Fighting
 + Level 1.4 Axes
 + Level 1.6 Throwing
 + Level 5.6 Dodging
 + Level 3.4 Stealth
 + Level 7.5 Spellcasting
 + Level 0.6 Conjurations
 + Level 10.4 Necromancy
 + Level 1.3 Fire Magic
 + Level 1.5 Evocations


You had 3 spell levels left.
You knew the following spells:

 Your Spells              Type           Power        Failure   Level  Hunger
a - Pain                  Necr           ####         1%          1    None
b - Animate Skeleton      Necr           N/A          1%          1    None
c - Vampiric Draining     Necr           #####.....   1%          3    #......
d - Animate Dead          Necr           N/A          1%          4    ###....
e - Control Undead        Necr           #####.....   1%          4    ###....
f - Flame Tongue          Conj/Fire      ##...        10%         1    None
g - Death Channel         Necr           #####.....   24%         6    ######.


Dungeon Overview and Level Annotations

Branches:
Dungeon (8/15)             Temple (0/1) D:7            Lair (1/6) D:8

Altars:
Ashenzari
Cheibriados
Elyvilon
Fedhas
Gozag
Kikubaaqudgha
Makhleb
Nemelex Xobeh
Pakellas
Qazlal
Sif Muna
Uskayaw
Vehumet
Yredelemnul
Zin
The Shining One

Shops:
D:5 *

Annotations:
D:7 exclusion: oklob plant


Innate Abilities, Weirdness & Mutations

You are resistant to damage.
You can recharge devices by infusing magical energy.
You passively map the area around you.
You do not regenerate naturally.


Message History

The six-headed hydra barely misses you. The six-headed hydra misses you.
The six-headed hydra completely misses you.
The six-headed hydra barely misses you.
The six-headed hydra closely misses you.
The six-headed hydra completely misses you.
The six-headed hydra bites you.
* * * LOW HITPOINT WARNING * * *
The six-headed hydra bites you. The six-headed hydra barely misses you.
The six-headed hydra misses you. The six-headed hydra bites you.
* * * LOW HITPOINT WARNING * * *
The six-headed hydra closely misses you.
Casting: Vampiric Draining
Confirm with . or Enter, or press ? or * to list all spells.
Aiming: Pain
Press: ? - help, Shift-Dir - straight line, f - six-headed hydra
Aim: a six-headed hydra (almost dead, chance to defeat MR: 54%)
The six-headed hydra resists with significant effort.
The six-headed hydra bites you!
You die...
Kikubaaqudgha rasps: "You have failed me!
Welcome... death!"

,, * * , , ,
, , , * ####
#..## , *
###...# ,
#...@<# ≈ ,
#....D...#
≈*
.....!....##
*
.........##
≈
.......##.*
≈≈ #....##
## ≈ *#...#
≈ ≈ *.#..*
≈≈ , , *


You could see a six-headed hydra.

Vanquished Creatures
  An elephant (D:7)
  A wyvern (D:8)
  A yak (D:7)
  A water moccasin (D:8)
  An orc warrior (D:7)
  An ice beast (D:6)
  4 phantoms
  2 sky beasts (D:8)
  3 centaurs
  4 ogres
  2 giant frogs
  A scorpion (D:4)
  6 killer bees (D:8)
  3 wights (D:8)
  A howler monkey (D:5)
  A crimson imp (D:5)
  A jelly (D:8)
  An orc priest (D:8)
  5 orc wizards
  2 worker ants
  2 sheep
  2 worker ant zombies (D:5)
  13 adders
  3 gnolls (D:4)
  An ooze (D:2)
  2 worms
  2 dart slugs (D:2)
  3 giant geckos
  20 orcs
  A ball python (D:8)
  6 giant cockroaches
  8 goblins
  3 hobgoblins
  15 jackals
  4 kobolds (D:1)
  3 quokkas
  9 bats
  A giant cockroach zombie (D:5)
  6 giant newts
  11 rats
157 creatures vanquished.

Vanquished Creatures (collateral kills)
  An ice beast (D:6)
  A phantom (D:7)
  A giant frog (D:8)
  A wight (D:8)
  A jelly (D:8)
  A hound (D:8)
  An orc priest (D:7)
  A giant frog skeleton (D:4)
  An iguana (D:6)
  A worker ant (D:4)
  An adder (D:8)
  An adder zombie (D:8)
  A giant gecko (D:7)
  3 orcs
  A hobgoblin (D:3)
  A giant newt (D:6)
  2 goblins
  2 kobolds (D:3)
22 creatures vanquished.

Vanquished Creatures (others)
  An orc wizard (D:7)
1 creature vanquished.

Grand Total: 180 creatures vanquished

Notes
Turn   | Place    | Note
--------------------------------------------------------------
     0 | D:1      | Skanax the Deep Dwarf Necromancer began the quest for the Orb.
     0 | D:1      | Reached XP level 1. HP: 15/15 MP: 3/3
     2 | D:1      | Learned a level 1 spell: Animate Skeleton
   203 | D:1      | Upgraded the game from 0.19-a0-659-g8260ecf to 0.19-a0-683-g5f2401d
   356 | D:1      | Reached XP level 2. HP: 22/22 MP: 2/4
  1199 | D:2      | Reached skill level 5 in Necromancy
  1226 | D:2      | Reached XP level 3. HP: 28/28 MP: 1/6
  1231 | D:2      | Learned a level 3 spell: Vampiric Draining
  1433 | D:2      | Found an ancient bone altar of Kikubaaqudgha.
  1895 | D:2      | Found a stormy altar of Qazlal.
  2088 | D:3      | Reached XP level 4. HP: 34/36 MP: 0/7
  2214 | D:2      | Found a deep blue altar of Sif Muna.
  2244 | D:2      | Became a worshipper of Kikubaaqudgha
  2640 | D:3      | Reached * piety under Kikubaaqudgha
  2640 | D:3      | Received a gift from Kikubaaqudgha
  2643 | D:3      | Identified Kikubaaqudgha's Tome of Necromancy (Kikubaaqudgha gifted it to you on level 3 of the Dungeon)
  2645 | D:3      | Reached XP level 5. HP: 40/43 MP: 5/9
  2763 | D:3      | Learned a level 4 spell: Animate Dead
  2806 | D:3      | Found an opulent altar of Gozag.
  3159 | D:4      | Reached skill level 6 in Necromancy
  3212 | D:4      | Noticed an ogre
  3223 | D:4      | Killed an ogre
  3223 | D:4      | Reached XP level 6. HP: 45/50 MP: 3/11
  4094 | D:5      | Entered Level 5 of the Dungeon
  4261 | D:5      | Found an oddly glowing altar of Pakellas.
  4268 | D:5      | Found a snail-covered altar of Cheibriados.
  4350 | D:5      | Found Wafe Rea's Elemental Accessories.
  4591 | D:5      | Found a hide-covered altar of Uskayaw.
  4592 | D:5      | Found a sparkling altar of Nemelex Xobeh.
  4687 | D:6      | Reached XP level 7. HP: 48/56 MP: 7/13
  4692 | D:6      | Reached skill level 1 in Throwing
  4692 | D:6      | Reached skill level 7 in Necromancy
  4815 | D:6      | Found a white marble altar of Elyvilon.
  4940 | D:6      | Reached skill level 5 in Spellcasting
  5047 | D:6      | Found a radiant altar of Vehumet.
  5167 | D:6      | Learned a level 4 spell: Control Undead
  5771 | D:7      | Reached skill level 8 in Necromancy
  5771 | D:7      | Reached XP level 8. HP: 62/63 MP: 0/15
  5935 | D:7      | Found a glowing silver altar of Zin.
  5939 | D:7      | Found a burning altar of Makhleb.
  5941 | D:7      | Noticed a blizzard demon
  5941 | D:7      | Noticed an angel
  5990 | D:7      | Reached skill level 1 in Axes
  6027 | D:7      | Reached ** piety under Kikubaaqudgha
  6149 | D:7      | Found a glowing silver altar of Zin.
  6196 | D:7      | Found a staircase to the Ecumenical Temple.
  6225 | D:7      | Found a shattered altar of Ashenzari.
  6235 | D:7      | Learned a level 1 spell: Flame Tongue
  6475 | D:7      | Found a blossoming altar of Fedhas.
  6498 | D:7      | Noticed an oklob plant
  6848 | D:8      | Found a staircase to the Lair.
  6848 | D:8      | Noticed an elephant
  6891 | D:7      | Reached skill level 1 in Fighting
  6891 | D:7      | Reached skill level 9 in Necromancy
  6893 | D:7      | Killed an elephant
  6893 | D:7      | Reached skill level 1 in Evocations
  6893 | D:7      | Gained mutation: You passively map the area around you. [Deep Dwarf growth]
  6893 | D:7      | Reached XP level 9. HP: 11/70 MP: 2/18
  7473 | D:8      | Found a basalt altar of Yredelemnul.
  7475 | D:8      | Noticed a profane servitor
  7525 | D:8      | Reached skill level 5 in Dodging
  7695 | D:8      | Reached skill level 10 in Necromancy
  8192 | D:8      | Reached skill level 1 in Fire Magic
  8546 | D:8      | Reached *** piety under Kikubaaqudgha
  8546 | D:8      | Received a gift from Kikubaaqudgha
  8549 | D:8      | Identified Kikubaaqudgha's Papyrus of Sinister Rituals (Kikubaaqudgha gifted it to you on level 8 of the Dungeon)
  8557 | D:8      | Learned a level 6 spell: Death Channel
  8808 | D:8      | Found a glowing golden altar of the Shining One.
  8810 | D:8      | Noticed an angel
  8940 | Lair:1   | Entered Level 1 of the Lair of Beasts
  8940 | Lair:1   | Noticed a five-headed hydra
  8954 | Lair:1   | Slain by a six-headed hydra

Vault maps used:
D:1:      dpeg_arrival_court
D:2:      nicolae_overflow_hidden_temple
D:3:      nicolae_gozag_cash_rules_everything_around_me, mrwooster_statue_mirror
D:4:      first_bread, serial_glass, glass_columns_a, glass_columns_a
D:5:      gammafunk_temple_overflow_pools, grunt_temple_overflow_open,
          nicolae_elemental_shop
D:6:      elyvilon_altar_4, lemuel_crystal_altar
D:7:      grunt_temple_overflow_order_and_chaos_2,
          nicolae_overflow_crystal_walls, tgw_fedhas, temple_fountains,
          basic_altar
D:8:      grunt_temple_overflow_holy_war, david_lair_generic
Lair:1:   fungi_pond_lemuel, serial_bayou_ford_a, serial_bayou_lake_a

Skill      XL: |  1  2  3  4  5  6  7  8  9 |
---------------+----------------------------+-----
Spellcasting   | 2 3 4 5 6 7 |  7.5
Necromancy     | 5 6 8 9 10 | 10.4
Throwing       | 1 |  1.6
Stealth        | 3 |  3.4
Dodging        | 3 4 5 |  5.6
Axes           | 1 |  1.4
Fighting       | 1 2 |  2.0
Evocations     | 1 |  1.5
Fire Magic     | 1 |  1.3
Conjurations   | |  0.6

Action                   |  1- 3 |  4- 6 |  7- 9 || total
-------------------------+-------+-------+-------++-------
Melee: Unarmed           |    23 |       |       ||    23
       Hand axe          |     2 |    27 |   109 ||   138
Throw: Tomahawk          |     1 |    27 |    11 ||    39
 Cast: Pain              |    76 |    84 |    86 ||   246
       Animate Skeleton  |    16 |    12 |       ||    28
       Animate Dead      |       |    13 |    24 ||    37
       Vampiric Draining |       |     5 |    67 ||    72
       Flame Tongue      |       |       |    30 ||    30
       Death Channel     |       |       |     3 ||     3
       Control Undead    |       |       |     1 ||     1
Invok: Receive Corpses   |       |     2 |     1 ||     3
Evoke: Wand              |       |       |     9 ||     9
  Use: Potion            |     7 |       |     5 ||    12
       Scroll            |     4 |    12 |     3 ||    19
  Eat: Bread ration      |     1 |     3 |     1 ||     5
       Chunk             |     1 |     4 |       ||     5
       Meat ration       |       |       |     2 ||     2
       Beef jerky        |       |       |     2 ||     2
Armor: Robe              |     8 |     3 |    58 ||    69
Dodge: Dodged            |    39 |    34 |   198 ||   271
